 Dungeon Crawl Stone Soup version 0.17-a0-1647-gb11a595 (webtiles) character file.

16 Ebilmort the Magician (level 2, 0/17 HPs)
             Began as an Octopode Wizard on Aug 12, 2015.
             Succumbed to an adder's poison
             ... on level 2 of the Dungeon.
             The game lasted 00:02:22 (1010 turns).

Ebilmort the Magician (Octopode Wizard)             Turns: 1010, Time: 00:02:22

Health: 0/17       AC:  1    Str:  6    XL:     2   Next: 54%
Magic:  0/6        EV: 12    Int: 20    God:
Gold:   37         SH:  0    Dex: 10    Spells: 1 memorised, 6 levels left

rFire  . . .     SeeInvis .     k - -2 mace (curse)
rCold  . . .     Clarity  .     (no shield)
rNeg   . . .     SustAt   .     a - +0 hat
rPois  .         Gourm    .     (no amulet)
rElec  .         Spirit   .     (no ring)
rCorr  .         Warding  .     (no ring)
rMut   .         Stasis   .     (no ring)
MR     .....                    (no ring)
Stlth  +++.......               (no ring)
                                (no ring)
                                (no ring)
                                (no ring)

@: lethally poisoned (0 -> -7), very slightly contaminated, not resistant to
hostile enchantments, fairly stealthy
A: almost no armour, amphibious, 8 rings, constrict 8, camouflage 1, gelatinous
body 1
a: no special abilities


You were on level 2 of the Dungeon.
You were not hungry.

You visited 1 branch of the dungeon, and saw 2 of its levels.

You collected 37 gold pieces.

Inventory:

Hand weapons
 k - a cursed -2 mace (weapon)
Armour
 a - a +0 hat (worn)
Scrolls
 f - a scroll of identify {unknown}
 h - a scroll of remove curse {unknown}
 j - a scroll of recharging {unknown}
Potions
 d - a potion of agility {unknown}
 e - a potion of lignification {unknown}
 g - a potion of brilliance {unknown}
 i - a potion of cancellation {unknown}
Books
 b - a book of Minor Magic

   Spells                             Type                      Level
   a - Magic Dart                     Conjuration                  1
   b - Blink                          Translocation                2
   c - Call Imp                       Summoning                    2
   d - Repel Missiles                 Charms/Air                   2
   e - Slow                           Hexes                        2
   f - Conjure Flame                  Conjuration/Fire             3
   g - Mephitic Cloud                 Conjuration/Poison/Air       3
Comestibles
 c - 2 bread rations


   Skills:
 - Level 2.0 Dodging
 - Level 2.6 Stealth
 + Level 3.2 Spellcasting
 * Level 2.1 Conjurations
   Level 1.0 Summonings
   Level 1.0 Translocations


You had 6 spell levels left.
You knew the following spells:

 Your Spells              Type           Power        Failure   Level  Hunger
a - Magic Dart            Conj           ##..         10%         1    None


Dungeon Overview and Level Annotations

Branches:
Dungeon (2/15)

Altars:


Innate Abilities, Weirdness & Mutations

You cannot wear most types of armour.
You are amphibious.
You can wear up to eight rings at the same time.
You can use your tentacles to constrict eight enemies at once.
Your skin changes colour to match your surroundings (Stealth).
Your rubbery body absorbs attacks (AC +1).


Message History

The adder is heavily wounded.
The adder misses you. The adder closely misses you.
You closely miss the adder. Your grab misses the adder.
The adder is heavily wounded.
The adder misses you. The adder bites you.
* * * LOW HITPOINT WARNING * * *
You closely miss the adder. Your grab misses the adder.
The adder is heavily wounded.
The adder barely misses you. The adder bites you.
* * * LOW HITPOINT WARNING * * *
You are lethally poisoned!
The adder poisons you!
Casting: Magic Dart
Confirm with . or Enter, or press ? or * to list all spells.
Aiming: Magic Dart
Press: ? - help, Shift-Dir - straight line, f/p - adder
Aim: an adder (moderately wounded)
The magic dart hits the adder.
The adder is heavily wounded.
You die...

.. . .### ..#
..[
#.####.#######
#......S......
#@# #.# #.#
#.# #.# #.#
#.# #<# ###


You could see an adder.

Vanquished Creatures
  2 goblins (D:1)
  2 hobgoblins (D:1)
  3 kobolds (D:1)
  3 bats (D:1)
  A giant gecko (D:1)
  5 giant newts (D:1)
  A rat (D:1)
17 creatures vanquished.

Notes
Turn   | Place    | Note
--------------------------------------------------------------
     0 | D:1      | Ebilmort the Octopode Wizard began the quest for the Orb.
     0 | D:1      | Reached XP level 1. HP: 11/11 MP: 4/4
   318 | D:1      | Reached XP level 2. HP: 17/17 MP: 4/6
  1010 | D:2      | Succumbed to an adder's poison

Vault maps used:
D:1:      erik_arrival_cave_to_civilisation, minmay_newt_pond
D:2:      grunt_qazlal_clouds, cheibriados_altar_1, minmay_vboxes

Action                   || total
-------------------------++-------
Melee: Unarmed           ||     2
       Mace              ||     4
 Cast: Magic Dart        ||    33
